Map: Thunderbird LE

Players

Murena - Winner!

  • Race: Terran Terran
  • Spawn Location: 11:00

ИИ 1 (эксперт)

  • Race: Protoss Protoss
  • Spawn Location: 5:00

VOD

Have the link to the VOD?

Description

Time

  • Played on: June 16, 2019, 3:45 p.m.
  • Length: 13:50
Show
View Real Time Build Order
Export as new Build Order

Murena Terran - Winner!

Build Orders:  

Get SALT Encoding   

  12  0:09  Supply Depot  
  12  0:13  SCV  
  13  0:26  SCV  
  14  0:34  Barracks  
  14  0:38  SCV  
  15  0:51  SCV  
  16  1:04  SCV  
  17  1:16  Command Center  
  17  1:19  SCV  
  17  1:23  Marine  
  19  1:33  Refinery  
  19  1:38  Orbital Command  
  19  1:41  Marine  
  20  1:56  Supply Depot  
  20  1:59  Marine  
  21  2:03  SCV  
  22  2:17  SCV  
  22  2:18  Marine  
  22  2:20  Barracks  
  24  2:28  Orbital Command  
  24  2:31  SCV  
  24  2:35  Refinery  
  25  2:39  Marine  
  25  2:41  Bunker  
  25  2:43  SCV  
  27  2:55  Factory  
  27  2:56  SCV  
  27  2:57  SCV  
  27  2:58  Marine  
  30  3:07  Barracks Tech Lab  
  30  3:08  SCV  
  30  3:12  SCV  
  32  3:17  Marine  
  32  3:19  Factory  
  33  3:21  SCV  
  33  3:25  SCV  
  35  3:27  Marine  
  35  3:28  Combat Shield  
  36  3:34  SCV  
  36  3:36  Marine  
  36  3:40  SCV  
  39  3:42  Refinery  
  39  3:44  Refinery  
  39  3:46  Factory Tech Lab  
  39  3:48  SCV, Marine  
  40  3:53  SCV  
  40  3:55  Marine  
  43  3:57  Supply Depot  
  43  4:01  SCV  
  44  4:04  Factory Tech Lab  
  44  4:06  SCV  
  45  4:11  Armory  
  45  4:14  SCV  
  46  4:24  SCV  
  46  4:27  Supply Depot  
  46  4:28  SCV  
  46  4:29  Marine  
  46  4:30  Marine  
  50  4:34  Supply Depot  
  50  4:38  SCV  
  51  4:45  SCV, Supply Depot  
  52  4:48  Barracks Reactor  
  52  4:50  Marine  
  52  4:51  SCV  
  54  4:58  SCV  
  55  5:00  Thor  
  55  5:02  Thor  
  55  5:06  SCV  
  68  5:08  Supply Depot  
  68  5:10  Supply Depot, Marine  
  68  5:13  SCV  
  70  5:19  Engineering Bay  
  70  5:21  SCV  
  71  5:22  Terran Vehicle Weapons Level 1  
  71  5:25  SCV  
  71  5:26  Marine  
  71  5:27  Marine  
  74  5:32  Supply Depot  
  74  5:34  SCV  
  75  5:37  Supply Depot  
  75  5:38  Marine  
  75  5:39  SCV  
  77  5:45  Thor  
  83  5:52  Thor  
  83  5:54  SCV  
  83  5:55  SCV  
  83  5:57  Marine  
  91  5:58  Marine  
  91  5:59  Marine  
  91  6:02  Terran Infantry Weapons Level 1  
  94  6:16  Marine  
  94  6:17  Marine  
  94  6:18  SCV x2  
  97  6:22  Command Center  
  97  6:23  Marine  
  99  6:28  Missile Turret  
  99  6:31  Missile Turret  
  99  6:32  SCV x2  
  101  6:34  Cyclone  
  101  6:36  Marine x2  
  101  6:38  Cyclone  
Show
View Real Time Build Order
Export as new Build Order

ИИ 1 (эксперт) Protoss 

Build Orders: Colossus Rush 

Get SALT Encoding   

  12  0:00  Probe  
  13  0:13  Probe  
  14  0:19  Pylon  
  14  0:25  Probe  
  15  0:33  Probe  
  15  0:42  Probe  
  16  0:47  Assimilator  
  17  0:50  Gateway  
  17  0:52  Probe  
  18  1:00  Probe  
  18  1:01  Pylon  
  19  1:08  Probe  
  19  1:18  Probe  
  21  1:30  Probe  
  22  1:37  Zealot  
  24  1:42  Probe  
  24  1:46  Nexus  
  25  1:58  Cybernetics Core, Probe  
  26  2:06  Probe  
  26  2:14  Probe  
  28  2:25  Pylon, Probe  
  29  2:30  Warp Gate  
  29  2:32  Stalker  
  31  2:37  Gateway  
  31  2:39  Assimilator  
  31  2:43  Probe  
  32  2:52  Adept  
  32  2:55  Probe  
  32  2:57  Pylon  
  32  2:58  Probe  
  36  3:08  Probe  
  36  3:11  Probe  
  38  3:18  Adept  
  38  3:19  Robotics Facility  
  38  3:24  Adept, Probe  
  38  3:26  Probe  
  44  3:36  Probe  
  44  3:38  Probe  
  46  3:47  Adept  
  48  3:48  Probe  
  48  3:50  Probe  
  48  3:54  Adept  
  52  4:01  Probe  
  53  4:03  Probe  
  53  4:08  Robotics Bay  
  53  4:09  Pylon  
  54  4:12  Observer  
  54  4:13  Probe  
  54  4:15  Probe  
  57  4:19  Robotics Facility  
  57  4:24  Adept  
  57  4:25  Probe  
  57  4:28  Pylon  
  60  4:32  Stalker  
  60  4:35  Probe  
  60  4:36  Pylon  
  60  4:37  Probe  
  64  4:40  Stalker  
  66  4:56  Gateway  
  66  5:07  Pylon, Zealot  
  66  5:10  Zealot  
  66  5:12  Colossus  
  76  5:19  Pylon  
  76  5:20  Zealot  
  78  5:26  Zealot  
  80  5:44  Sentry, Probe, Stalker  
  80  5:47  Gateway  
  85  6:04  Nexus, Twilight Council  
  85  6:06  Assimilator  
  85  6:08  Forge  
  85  6:09  Assimilator  
  85  6:24  Probe x2  
  85  6:26  Forge  
  85  6:27  Pylon  
  85  6:32  Probe  
  87  6:33  Probe  
  89  6:42  Probe  
  89  6:45  Templar Archives  
  90  6:47  Photon Cannon  
  90  6:50  Pylon  
  90  6:54  Stalker  
  90  6:59  Stalker  
  94  7:03  Stalker  
  94  7:08  Stalker  
  98  7:10  Photon Cannon  
  98  7:12  Photon Cannon  
  98  7:15  Probe  
  98  7:16  Probe  
  98  7:17  Probe  
  98  7:21  High Templar  
  102  7:23  High Templar  
  102  7:24  Assimilator  
  102  7:26  Probe  
  102  7:27  Pylon, Zealot  
  102  7:28  Probe, Zealot  
  102  7:29  Observer, Probe  
  111  7:31  Assimilator  
  111  7:34  Probe  
  90  7:40  Probe  
  90  7:42  Probe  
  90  7:44  Zealot  
  83  7:46  Sentry  
  83  7:47  Probe  
  70  7:53  Adept, Probe  
  70  7:54  Probe  
  70  7:55  High Templar  
  68  7:59  Probe  
  68  8:04  Stalker  
  68  8:05  Probe  
  71  8:06  Probe  
  71  8:09  Zealot  
  71  8:11  Probe  
  71  8:14  Probe, Stalker  
  71  8:17  Probe  
  68  8:22  Probe  
  68  8:23  Adept, Probe  
  59  8:27  Zealot  
  59  8:29  Stalker, Probe  
  59  8:32  Probe  
  62  8:34  Zealot  
  62  8:35  Probe  
  62  8:38  Stalker  
  53  8:41  Probe  
  53  8:44  Probe  
  53  8:47  High Templar, Probe  
  53  8:48  High Templar  
  58  8:52  Zealot  
  58  8:53  Probe  
  54  8:56  Probe  
  54  8:58  Archon  
  54  8:59  Probe  
  54  9:01  High Templar  
  54  9:07  Pylon  
  42  9:19  Adept, Stalker  
  42  9:22  Pylon  
  42  9:35  High Templar  
  42  9:37  Zealot  
  42  9:47  Pylon  
  41  10:04  Zealot  
  43  10:12  Pylon  
  41  10:24  High Templar  
  39  10:31  Pylon  
  39  10:49  Pylon  
  38  11:00  Probe  
  38  11:03  Probe  
  40  11:06  Pylon  
  40  11:13  Probe  
  40  11:23  Probe  
  40  11:25  Probe  
  40  11:29  Cybernetics Core  
  40  11:31  Probe  
  42  11:44  Gateway  
  42  11:52  Probe  
  42  11:53  Probe  
  41  12:07  Pylon  
  34  12:16  Probe  
  34  12:17  Probe  
  33  12:27  Photon Cannon  
  33  12:28  Probe  
  34  12:36  Probe  
  34  12:41  Nexus  
  35  12:47  Nexus  
  34  13:05  Nexus  
  34  13:18  Pylon  
Tags
 
Matchup
ПvТ
Spawn Locations
Cross Positions
Add a new tag
Caveats
  • Supply blocks, unpowered buildings, or Contaminate may cause inaccurate times.
  • Supply counts are checked every 10 seconds.